AoeStats
← King_B

Hideout

510224274Analyzed
1v1 RM · 14h ago on Sep 30, 2026· 25m 30s· 2 players
Game mode
Random Map
Map size
Tiny (2 player)
Population
200
Speed
Normal
Resources
Standard
Victory
Conquest
Starting age
Dark Age
Ending age
Imperial Age
RankedLock teamsTeams togetherTeam positionsShared explorationLock speedFull tech treeHidden civsTurbo modeCheats
Victory
Defeat
🇺🇸 Tatars · United States
884
+16
🇲🇽 Magyars · Mexico
880
-16
ZikaRZ
10:27 Feudal Age
12:15 Town Watch
15:57 Castle Age
15:40 Stone Mining
22:59 Loom
King_B
10:44 Feudal Age
11:33 Double-Bit Axe
11:30 Horse Collar
14:17 Wheelbarrow
18:37 Castle Age
20:32 Hand Cart
20:03 Town Watch
22:45 Loom
23:20 Fletching
Connection lost

Rejoining the realm…

Still unreachable

The connection could not be restored.

Session expired

The server has moved on; the page needs a fresh start.